AoeStats
← Euro050

Arabian Desert

509933149Analyzed
1v1 RM · 3d ago on Sep 28, 2026· 59m 42s· 2 players
Game mode
Random Map
Map size
Tiny (2 player)
Population
200
Speed
Normal
Resources
Standard
Victory
Conquest
Starting age
Dark Age
Ending age
Imperial Age
RankedLock teamsTeams togetherTeam positionsShared explorationLock speedFull tech treeHidden civsTurbo modeCheats
Victory
Defeat
🇳🇱 Huns · Netherlands
1530
+13
🇲🇽 Saxons · Mexico
1473
-13
Schalamax1
5:37 Loom
9:00 Feudal Age
9:40 Double-Bit Axe
20:56 Castle Age
19:11 Fletching
20:48 Horse Collar
22:14 Bodkin Arrow
23:03 Crossbowman
29:53 Bow Saw
30:22 Pikeman
33:36 Wheelbarrow
33:06 Gold Mining
33:33 Squires
33:19 Gambesons
35:48 Hand Cart
35:42 Guard Tower
39:53 Imperial Age
37:39 Masonry
37:10 Treadmill Crane
37:44 Scale Mail Armor
40:06 Arson
40:46 Ballistics
40:44 Chain Mail Armor
40:04 Halberdier
40:24 Capped Ram
41:20 Town Watch
41:37 Elite Varangian Guard
42:22 Bracer
43:51 Chemistry
49:12 Two-Man Saw
49:23 Architecture
49:54 Plate Mail Armor
49:38 Forging
49:12 Elite Skirmisher
50:46 Thumb Ring
51:40 Arbalester
52:28 Padded Archer Armor
53:27 Leather Archer Armor
54:48 Ring Archer Armor
55:35 Iron Casting
54:56 Siege Ram
55:49 Heavy Plow
57:28 Murder Holes
57:19 Arrowslits
Euro050
8:53 Feudal Age
9:44 Double-Bit Axe
10:15 Horse Collar
17:11 Padded Archer Armor
17:01 Fletching
18:25 Loom
21:04 Castle Age
19:02 Town Watch
19:53 Bloodlines
19:53 Scale Barding Armor
21:14 Elite Skirmisher
21:50 Bodkin Arrow
21:19 Light Cavalry
21:59 Husbandry
23:32 Wheelbarrow
23:58 Chain Barding Armor
25:56 Leather Archer Armor
29:14 Heavy Plow
29:29 Bow Saw
29:11 Stone Mining
31:30 Forging
32:50 Ballistics
35:51 Imperial Age
34:27 Marauders
35:07 Iron Casting
34:45 Gold Mining
36:31 Hand Cart
36:43 Bracer
38:26 Plate Barding Armor
38:44 Elite Tarkan
39:45 Conscription
41:51 Blast Furnace
42:06 Chemistry
43:48 Masonry
43:50 Guilds
43:52 Heavy Cavalry Archer
44:58 Parthian Tactics
46:31 Thumb Ring
48:11 Murder Holes
47:57 Hussar
55:37 Town Patrol
Connection lost

Rejoining the realm…

Still unreachable

The connection could not be restored.

Session expired

The server has moved on; the page needs a fresh start.